 Dungeon Crawl Stone Soup version 0.24-a0-539-g6aae15eeb0 (webtiles) character file.

Game seed: 6197626321318620922

3159 MirrMurr the Archer (level 9, -2/79 HPs)
             Began as a Centaur Berserker on Aug 17, 2019.
             Was an Elder of Trog.
             Shot with a sling bullet by Joseph (21 damage)
             ... on level 7 of the Dungeon.
             The game lasted 00:21:43 (7943 turns).

MirrMurr the Archer (Centaur Berserker)             Turns: 7943, Time: 00:21:43

Health: -2/79      AC:  7    Str: 23    XL:     9   Next: 62%
Magic:  9/9        EV: 10    Int:  9    God:    Trog [****..]
Gold:   534        SH:  0    Dex:  9    Spells: 8/8 levels left

rFire    . . .     SeeInvis .   a - +0 shortbow
rCold    . . .     Gourm    .   (shield currently unavailable)
rNeg     . . .     Faith    .   C - +1 leather armour {rPois}
rPois    +         Spirit   .   d - +0 helmet
rElec    .         Reflect  .   (no cloak)
rCorr    .         Harm     .   (no gloves)
MR       ++...                  (no barding)
Stlth    ..........             (no amulet)
HPRegen  1.23/turn              t - +3 ring of intelligence
MPRegen  0.11/turn              (no ring)

@: regenerating, very quick
A: large, hooves 3, deformed body, speed 2, tough skin 3
a: Berserk, Trog's Hand, Brothers in Arms, Renounce Religion


You were on level 7 of the Dungeon.
You worshipped Trog.
Trog was greatly pleased with you.
You were hungry.

You visited 1 branch of the dungeon, and saw 7 of its levels.
You also visited: Ossuary.

You collected 534 gold pieces.

Inventory:

Hand Weapons
 a - a +0 shortbow (weapon)
 b - a +0 trident
 A - a +0 glaive
Missiles
 h - 161 arrows (quivered)
 m - 5 boomerangs
 n - 58 poisoned darts
 D - 3 throwing nets {!f}
Armour
 d - a +0 helmet (worn)
 C - a +1 leather armour of poison resistance (worn)
Jewellery
 t - a +3 ring of intelligence (left hand)
 v - a +5 ring of intelligence
Wands
 p - a wand of polymorph (6)
 s - a wand of paralysis (7)
 y - a wand of flame (26)
Scrolls
 k - 7 scrolls of teleportation
 q - 3 scrolls of fear
 r - 8 scrolls of remove curse
 z - 6 scrolls of identify
 B - a scroll of enchant armour
 E - a scroll of enchant weapon {unknown}
 F - a scroll of fog {unknown}
Potions
 e - a potion of lignification {unknown}
 f - a potion of magic {unknown}
 g - a potion of cancellation {unknown}
 i - a potion of resistance {unknown}
 j - 6 potions of haste
 l - 8 potions of curing
 o - a potion of might {unknown}
 u - a potion of degeneration {unknown}
 w - 2 potions of heal wounds {unknown}
 x - a potion of agility {unknown}
 H - 2 potions of mutation {unknown}
Comestibles
 c - 7 rations
 G - 14 chunks of flesh


   Skills:
 + Level 7.4 Fighting
 - Level 6.8 Polearms
 * Level 8.5 Bows
 - Level 3.9 Armour
 - Level 3.9 Dodging


You had 8 spell levels left.
You didn't know any spells.
Your spell library was empty.

Dungeon Overview and Level Annotations

Branches:
Dungeon (7/15)             Temple (0/1) D:5

Altars:
Ashenzari
Dithmenos
Fedhas
Kikubaaqudgha
Makhleb
Uskayaw
Wu Jian
Xom
The Shining One

Annotations:
D:6 3 runed translucent doors, mishael's ghost, novice DrFi
D:7 Joseph


Innate Abilities, Weirdness & Mutations

You have hooves in place of feet.
Armour fits poorly on your strangely shaped body.
You cover ground very quickly.
You have extremely tough skin. (AC +3)


Message History

Aim: Joseph, wielding a +0 hunting sling and wearing a +0 leather armour (almost dead)
You shoot an arrow.
The arrow hits Joseph but does no damage.
Joseph is almost dead.
Joseph shoots a sling bullet.
The sling bullet hits you!
Firing (i - inventory. (/) - cycle)
h - 163 arrows (quivered)
Press: ? - help, Shift-Dir - straight line, f/p - Joseph
Aim: Joseph, wielding a +0 hunting sling and wearing a +0 leather armour (almost dead)
You shoot an arrow. The arrow hits Joseph.
Joseph is almost dead.
Joseph shoots a sling bullet.
The sling bullet hits you!
* * * LOW HITPOINT WARNING * * *
Firing (i - inventory. (/) - cycle)
h - 162 arrows (quivered)
Press: ? - help, Shift-Dir - straight line, f/p - Joseph
Aim: Joseph, wielding a +0 hunting sling and wearing a +0 leather armour (almost dead)
You shoot an arrow.
The arrow hits Joseph but does no damage.
Joseph is almost dead.
Joseph shoots a sling bullet.
The sling bullet hits you!!
You die...

##.....# ## #......# #.
#....... #. #.....## #@
#..#.### #. #..### . #.
####....##.
#(###########..###.....
#((@..@..((#.....#.รท...
#########.##(..........
##..)..........
#.............
#.............
###...........
#...........
.............
.......#.....


You could see Joseph.

Vanquished Creatures
  Harold (D:7)
  Pikel (D:7)
  Menkaure (D:6)
  A sky beast (D:7)
  A slave (D:6)
  4 ogres
  A centaur (D:7)
  An elf zombie (Ossuary)
  3 bullfrogs
  2 scorpions
  3 howler monkeys
  A crimson imp (D:5)
  2 orc priests (D:4)
  2 hounds
  A jelly (D:5)
  A bullfrog skeleton (D:6)
  4 iguanas
  3 worker ants
  4 orc wizards
  A big kobold zombie (Ossuary)
  A hound zombie (Ossuary)
  4 mummies (Ossuary)
  2 worker ant zombies
  Robin (D:2)
  10 adders
  5 gnolls
  2 shadow imps
  An ooze (D:1)
  An adder zombie (Ossuary)
  An adder skeleton (D:2)
  4 worms
  5 leopard geckos
  30 orcs
  10 bats
  5 giant cockroaches
  A gnoll zombie (Ossuary)
  15 goblins
  8 hobgoblins
  A jackal (D:1)
  3 quokkas
  3 frilled lizards
  A hobgoblin zombie (Ossuary)
  2 jackal zombies (Ossuary)
  7 kobolds
  A kobold zombie (Ossuary)
  A leopard gecko skeleton (D:4)
  2 orc zombies (Ossuary)
  20 rats
  A rat zombie (Ossuary)
186 creatures vanquished.

Vanquished Creatures (others)
  2 slaves (D:7)
  A ball python (D:7)
3 creatures vanquished.

Grand Total: 189 creatures vanquished

Notes
Turn   | Place    | Note
-------+----------+-------------------------------------------
     0 | D:1      | MirrMurr the Centaur Berserker began the quest for the Orb.
     0 | D:1      | Reached XP level 1. HP: 19/19 MP: 1/1
   216 | D:1      | Reached XP level 2. HP: 25/26 MP: 2/2
   573 | D:1      | Reached ** piety under Trog
   631 | D:1      | Reached XP level 3. HP: 28/31 MP: 3/3
  1191 | D:2      | Noticed Robin
  1209 | D:2      | Killed Robin
  1219 | D:2      | Reached XP level 4. HP: 38/38 MP: 4/4
  1902 | D:2      | Found a faded altar of an unknown god.
  1918 | D:2      | Reached *** piety under Trog
  2163 | D:3      | Reached XP level 5. HP: 15/46 MP: 5/5
  3716 | D:4      | Found a shadowy altar of Dithmenos.
  3716 | D:4      | Found a burning altar of Makhleb.
  3801 | D:4      | Reached XP level 6. HP: 49/52 MP: 6/6
  3881 | D:4      | Found an ornate altar of the Wu Jian Council.
  4094 | D:4      | Found a blossoming altar of Fedhas.
  4147 | D:5      | Entered Level 5 of the Dungeon
  4268 | D:5      | Reached **** piety under Trog
  4268 | D:5      | Reached skill level 5 in Polearms
  4268 | D:5      | Reached XP level 7. HP: 39/60 MP: 7/7
  4273 | D:5      | Found a staircase to the Ecumenical Temple.
  4369 | D:5      | Found a sand-covered staircase.
  4378 | Ossuary  | Entered an ossuary
  5634 | D:5      | Found an ancient bone altar of Kikubaaqudgha.
  5819 | D:5      | Reached skill level 5 in Fighting
  5961 | D:6      | Reached XP level 8. HP: 57/68 MP: 8/8
  6256 | D:6      | Found a shattered altar of Ashenzari.
  6492 | D:6      | Noticed a +0 dagger
  6493 | D:6      | Found a hide-covered altar of Uskayaw.
  6494 | D:6      | Noticed a +0 dagger
  6496 | D:6      | Noticed Menkaure
  6508 | D:6      | Killed Menkaure
  6731 | D:6      | Found a runed translucent gate.
  6731 | D:6      | Found a runed translucent gate.
  6733 | D:6      | Found a runed translucent gate.
  6735 | D:6      | Noticed mishael's ghost (novice DrFi)
  6780 | D:6      | Found a glowing golden altar of the Shining One.
  6969 | D:7      | Noticed Pikel
  6976 | D:6      | Reached skill level 1 in Bows
  7007 | D:7      | Reached skill level 2 in Bows
  7011 | D:7      | Reached skill level 3 in Bows
  7199 | D:7      | Noticed Harold
  7214 | D:7      | Killed Harold
  7214 | D:7      | Reached skill level 6 in Bows
  7214 | D:7      | Reached XP level 9. HP: 55/78 MP: 9/9
  7426 | D:7      | Killed Pikel
  7426 | D:7      | Reached skill level 8 in Bows
  7657 | D:7      | Received a gift from Trog
  7804 | D:7      | Found a shimmering altar of Xom.
  7916 | D:7      | Noticed Joseph
  7943 | D:7      | Shot with a sling bullet by Joseph

Levels and vault maps discovered:
D:1:      erik_arrival_orb_chamber, layout_basic, minmay_hexomino_u4
D:2:      layout_basic, chequers_ecumenical_altar_simple_redux, uniq_robin
D:3:      layout_basic, minmay_misc_feat_five
D:4:      layout_gridville, lemuel_crystal_altar,
          gammafunk_temple_overflow_pools, first_ration, fedhas_altar_4
D:5:      layout_loops_ring, kennysheep_mini_moat,
          minmay_temple_entry_large_hall, chequers_ossuary_entry_cave
D:6:      layout_rooms, tso_oasis_becter, dancing_weapons_uskayaw,
          kennysheep_little_box, serial_corexii_hall, corexii_hall_statues_x,
          corexii_hall_statues_x, gammafunk_ghost_necromancy, st_stairs_6,
          uniq_menkaure
D:7:      layout_cave_pools, lemuel_crystal_altar, grunt_livestock,
          nicolae_underground_beach, uniq_pikel, uniq_harold, uniq_joseph

Skill      XL: |  1  2  3  4  5  6  7  8  9 |
---------------+----------------------------+-----
Polearms       | 3 4 5 6 |  6.8
Armour         | 2 3 |  3.9
Dodging        | 2 3 |  3.9
Fighting       | 4 5 6 7 |  7.4
Bows           | 6 8 |  8.5

Action                   |  1- 3 |  4- 6 |  7- 9 || total
-------------------------+-------+-------+-------++-------
Melee: Spear             |   109 |   303 |   182 ||   594
       Kick              |    16 |    48 |    75 ||   139
       Trident           |       |       |   156 ||   156
 Fire: Shortbow          |       |       |    71 ||    71
Throw: Dart              |       |     8 |       ||     8
Invok: Berserk           |       |     2 |     5 ||     7
       Trog's Hand       |       |     1 |     7 ||     8
  Use: Scroll            |     4 |     5 |     3 ||    12
  Eat: Chunk             |       |    11 |    10 ||    21
       Ration            |       |       |     2 ||     2
Armor: Animal skin       |    17 |    24 |       ||    41
       Leather armour    |       |    35 |    38 ||    73
       Ring mail         |       |    30 |    92 ||   122
Dodge: Dodged            |    18 |   105 |   154 ||   277

Table legend:
 A = Non-vault XP
 B = Vault XP
 C = Vault XP percentage of total XP
 D = Non-vault monster count
 E = Vault monster count
 F = Vault count percentage of total count
                 A         B        C        D         E       F
            +---------+---------+-------+---------+---------+-------
      Total |    2398 |    2115 |  46.9 |     139 |      46 |  24.9
            +---------+---------+-------+---------+---------+-------
        D:1 |      55 |      17 |  23.6 |      22 |      15 |  40.5
        D:2 |      49 |      34 |  41.0 |      17 |      11 |  39.3
        D:3 |     173 |       0 |   0.0 |      28 |       0 |   0.0
        D:4 |     259 |       0 |   0.0 |      14 |       0 |   0.0
        D:5 |     560 |       0 |   0.0 |      21 |       0 |   0.0
        D:6 |     606 |     211 |  25.8 |      21 |       2 |   8.7
        D:7 |     696 |    1625 |  70.0 |      16 |       2 |  11.1
    Ossuary |       0 |     228 | 100.0 |       0 |      16 | 100.0
            +---------+---------+-------+---------+---------+-------
